[Event "Titled Tuesday Blitz August 08 Late 2023"]
[White "Francisco_Ferrari"]
[Black "Orlov, Georgi"]
[BlackFideId "2011271"]
[WhiteElo "2176"]
[BlackElo "2558"]
[Result "0-1"]
[Round "5"]
[TimeControl "180+1"]
[Date "2023.08.08"]
[WhiteClock "0:00:20"]
[BlackClock "0:00:59"]
[Board "165"]

1. e4 b6 2. d4 Bb7 3. Bd3 Nf6 4. Nd2 e6 5. Ngf3 d5 6. e5 Nfd7 7. c3 c5 8. O-O Ba6 9. Bxa6 Nxa6 10. Re1 Be7 11. Nf1 h5 12. g3 h4 13. g4 cxd4 14. cxd4 Rc8 15. a3 b5 16. Qe2 Qb6 17. g5 b4 18. g6 fxg6 19. Qd3 Nf8 20. Bd2 Rh5 21. axb4 Nxb4 22. Qb3 Nc6 23. Qd3 Rf5 24. Bc3 a5 25. N1d2 g5 26. h3 Ng6 27. Nh2 Nf4 28. Qf1 Nxd4 29. Bxa5 Qb5 30. Qxb5+ Nxb5 31. Ng4 Nxh3+ 32. Kg2 Nf4+ 33. Kf3 Nd3+ 34. Ke3 0-1


[Site "https://www.chess.com"]

[Event "Titled Tuesday Blitz August 08 Late 2023"]
[White "Yashmetov, Mikhail"]
[Black "Bazzano, Sebastian"]
[WhiteFideId "24198900"]
[BlackFideId "104566"]
[WhiteElo "2485"]
[BlackElo "2209"]
[Result "0-1"]
[Round "5"]
[TimeControl "180+1"]
[Date "2023.08.08"]
[WhiteClock "0:00:00"]
[BlackClock "0:00:04"]
[Board "166"]

1. d4 Nf6 2. c4 e6 3. g3 c5 4. d5 exd5 5. cxd5 d6 6. Nc3 g6 7. Bg2 Bg7 8. Nf3 O-O 9. O-O a6 10. a4 Nbd7 11. h3 Re8 12. Nd2 Ne5 13. f4 Ned7 14. e4 Rb8 15. Nc4 Nb6 16. Na3 Nh5 17. Kh2 Nd7 18. Nc4 Nb6 19. Na3 Nd7 20. Re1 Qa5 21. Nc4 Qc7 22. a5 b6 23. axb6 Nxb6 24. Na5 Bd7 25. g4 Bxc3 26. bxc3 Ng7 27. e5 Bb5 28. Nc6 Bxc6 29. dxc6 dxe5 30. fxe5 Rbd8 31. Qe2 Ne6 32. Rxa6 Nd5 33. Bd2 Ndf4 34. Qf2 Nd3 35. Qf1 Nxe1 36. Bxe1 Qxe5+ 37. Bg3 Qxc3 38. c7 Rc8 39. Qf2 Nxc7 40. Rc6 Ne6 41. Rd6 Rcd8 42. Ra6 Rd2 43. Qf3 Qxf3 0-1


[Site "https://www.chess.com"]

[Event "Titled Tuesday Blitz August 08 Late 2023"]
[White "Thiel, Thomas"]
[Black "Berezin, Viktor"]
[WhiteFideId "4615964"]
[BlackFideId "14107872"]
[WhiteElo "2195"]
[BlackElo "2469"]
[Result "0-1"]
[Round "5"]
[TimeControl "180+1"]
[Date "2023.08.08"]
[WhiteClock "0:00:46"]
[BlackClock "0:00:07"]
[Board "167"]

1. e4 d5 2. exd5 Nf6 3. d4 Bg4 4. f3 Bf5 5. c4 e6 6. Nc3 Bb4 7. Bg5 exd5 8. cxd5 O-O 9. Qb3 Re8+ 10. Ne2 Bxc3+ 11. bxc3 Nbd7 12. Qxb7 Rb8 13. Qc6 Rb2 14. Bc1 Rc2 15. Bf4 Qb8 16. Be5 Qb2 17. Rd1 Nxe5 18. dxe5 Rxe5 19. Kf2 Rcxe2+ 20. Bxe2 Qxe2+ 21. Kg3 Nh5+ 22. Kh4 g5+ 23. Kxh5 Kg7 24. Qh6+ Kg8 25. Rhg1 Bg6+ 26. Kg4 Qe3 27. g3 Bf5+ 28. Kh5 Qxf3+ 29. Kxg5 Bg6+ 30. Kh4 Rh5+ 0-1


[Site "https://www.chess.com"]

[Event "Titled Tuesday Blitz August 08 Late 2023"]
[White "Liu, Casper"]
[Black "Clawitter, Craig"]
[WhiteFideId "1454153"]
[BlackFideId "2023105"]
[WhiteElo "2463"]
[BlackElo "2186"]
[Result "0-1"]
[Round "5"]
[TimeControl "180+1"]
[Date "2023.08.08"]
[WhiteClock "0:00:00"]
[BlackClock "0:00:07"]
[Board "168"]

1. d4 e6 2. Nf3 Nf6 3. Bf4 b6 4. e3 Bb7 5. Nbd2 Be7 6. Bd3 Nh5 7. Bg3 d6 8. O-O Nxg3 9. hxg3 c5 10. c3 Nc6 11. Re1 O-O 12. Qc2 g6 13. Rad1 a6 14. e4 cxd4 15. cxd4 Nb4 16. Qb1 Nxd3 17. Qxd3 Bf6 18. Nc4 b5 19. Ne3 Rc8 20. Ng4 Bg7 21. e5 h5 22. Ne3 Bxf3 23. gxf3 dxe5 24. dxe5 Bxe5 25. Qa3 Qb6 26. Nd5 exd5 27. Rxe5 Rc2 28. Re3 d4 29. Red3 Re8 30. R1d2 Re2 31. Rxc2 Rxc2 32. Qb4 Qe6 33. Qxd4 Qe2 34. Qd8+ Kh7 35. Qd4 Rxb2 36. Rc3 Rb1+ 37. Kh2 Qf1 38. g4 Qg1+ 39. Kh3 Qh1+ 40. Kg3 Rg1+ 41. Kf4 hxg4 42. fxg4 Qh6+ 43. Ke5 Qg5+ 44. Kd6 Qd8+ 45. Kc5 Qc7+ 46. Kb4 Qe7+ 47. Qc5 Rxg4+ 48. Ka5 Ra4+ 49. Kb6 Qxc5+ 0-1


[Site "https://www.chess.com"]

[Event "Titled Tuesday Blitz August 08 Late 2023"]
[White "Suarez Pousa, Diego"]
[Black "Osmonbekov, Talaibek"]
[WhiteFideId "2204509"]
[BlackFideId "2017253"]
[WhiteElo "2377"]
[BlackElo "2161"]
[Result "0-1"]
[Round "5"]
[TimeControl "180+1"]
[Date "2023.08.08"]
[WhiteClock "0:00:23"]
[BlackClock "0:00:29"]
[Board "170"]

1. e4 c5 2. Nc3 Nc6 3. Nf3 g6 4. d4 cxd4 5. Nxd4 Bg7 6. Nb3 Nf6 7. g4 d6 8. g5 Nd7 9. Be3 Nde5 10. h3 Be6 11. Nd5 Rc8 12. f4 Nd7 13. c3 f6 14. Nd4 Bxd5 15. exd5 Nxd4 16. Bxd4 O-O 17. Qd2 fxg5 18. Bxg7 Kxg7 19. fxg5 Qa5 20. a3 Qa4 21. h4 Qe4+ 22. Qe2 Qxh1 23. O-O-O Ne5 24. Kb1 Qxh4 25. Bg2 Rf2 26. Qe1 Rcf8 27. Be4 Qh2 28. Ka1 Rxb2 29. Bb1 Rff2 0-1


[Site "https://www.chess.com"]

[Event "Titled Tuesday Blitz August 08 Late 2023"]
[White "Semenova, Alina"]
[Black "Guzman Moneo, Alberto"]
[WhiteFideId "24113875"]
[BlackFideId "2209616"]
[WhiteElo "2098"]
[BlackElo "2351"]
[Result "0-1"]
[Round "5"]
[TimeControl "180+1"]
[Date "2023.08.08"]
[WhiteClock "0:00:00"]
[BlackClock "0:01:26"]
[Board "171"]

1. e4 e6 2. d4 d5 3. exd5 exd5 4. Bd3 c5 5. c3 Nc6 6. Qe2+ Be7 7. Nf3 Nf6 8. dxc5 O-O 9. O-O Bxc5 10. Bg5 h6 11. Bh4 Bg4 12. h3 Bh5 13. b4 Bb6 14. Qd2 Bxf3 15. gxf3 Ne5 16. Be2 Qd6 17. Kh1 Ng6 18. Bg3 Qe6 19. Kh2 Nh5 20. Re1 Rfe8 21. Na3 Qf6 22. Bd1 Qg5 0-1


[Site "https://www.chess.com"]

[Event "Titled Tuesday Blitz August 08 Late 2023"]
[White "Spichkin, Alexander"]
[Black "Nikulina, Alena"]
[WhiteFideId "4144074"]
[BlackFideId "4172051"]
[WhiteElo "2287"]
[BlackElo "2065"]
[Result "1-0"]
[Round "5"]
[TimeControl "180+1"]
[Date "2023.08.08"]
[WhiteClock "0:00:33"]
[BlackClock "0:00:08"]
[Board "172"]

1. f4 e5 2. e4 exf4 3. Nf3 d5 4. exd5 Nf6 5. d4 Nxd5 6. c4 Bb4+ 7. Bd2 Bxd2+ 8. Qxd2 Ne3 9. Nc3 O-O 10. Bd3 Re8 11. Kf2 Ng4+ 12. Kg1 Nc6 13. Qxf4 Re3 14. Bf5 Bxf5 15. Qxf5 Nh6 16. Qf4 Re7 17. Nd5 Re2 18. Re1 Rxe1+ 19. Nxe1 Nxd4 20. Qxd4 c6 21. Nf3 cxd5 22. cxd5 Qd6 23. h3 Nf5 24. Qe5 Qxe5 25. Nxe5 Rd8 26. g4 Rxd5 27. Nc4 Nh4 28. Kf2 b5 29. Re1 Kf8 30. Na3 a6 31. Re2 Ng6 32. Rc2 Ke7 33. Nb1 Kd6 34. Nc3 Rd3 35. Ne4+ Kd5 36. Ng5 f6 37. Nf3 Ne5 38. Nxe5 Kxe5 39. Kg2 Rd7 40. Kf3 Rd3+ 41. Kg2 Rd7 42. Re2+ Kf4 43. Rf2+ Kg5 44. Rf5+ Kg6 45. h4 Rd2+ 46. Kg3 Rxb2 47. h5+ Kf7 48. a4 bxa4 49. Ra5 Ra2 50. Rxa6 g6 51. h6 a3 52. Ra7+ Kg8 53. Kf4 Ra1 54. Kg3 a2 55. Kg2 Kh8 56. Ra8# 1-0


[Site "https://www.chess.com"]

[Event "Titled Tuesday Blitz August 08 Late 2023"]
[White "Blackwhite017"]
[Black "Fajdetic, Hrvoje"]
[BlackFideId "14501945"]
[WhiteElo "2021"]
[BlackElo "2271"]
[Result "0-1"]
[Round "5"]
[TimeControl "180+1"]
[Date "2023.08.08"]
[WhiteClock "0:00:00"]
[BlackClock "0:00:30"]
[Board "173"]

1. e4 c5 2. Nf3 a6 3. c4 Nc6 4. d4 cxd4 5. Nxd4 g6 6. Be3 Bg7 7. Nc3 d6 8. Be2 Nf6 9. O-O O-O 10. f3 Nxd4 11. Bxd4 Be6 12. Qd2 Rc8 13. b3 Qa5 14. Rad1 Nd7 15. Bxg7 Kxg7 16. Nd5 Qxd2 17. Rxd2 Bxd5 18. exd5 f5 19. Re1 f4 20. Bd3 Ne5 21. Be4 b5 22. cxb5 axb5 23. Ree2 Rc1+ 24. Kf2 Rfc8 25. Rc2 R8xc2 26. Rxc2 Rxc2+ 27. Bxc2 b4 28. Ke2 Kf6 29. Be4 Nd7 30. Kd3 Ke5 31. Kc4 Nb6+ 32. Kxb4 Nxd5+ 33. Bxd5 Kxd5 34. Kb5 e5 35. a4 Kd4 36. a5 d5 37. a6 e4 38. fxe4 dxe4 39. a7 e3 40. a8=Q e2 41. Qa1+ Ke3 42. Qe1 g5 43. h3 h5 44. Kc4 g4 45. hxg4 hxg4 46. Kc3 f3 47. Qd2+ Kf2 48. gxf3 gxf3 49. b4 Kf1 50. b5 f2 51. Qxe2+ Kxe2 52. b6 f1=Q 53. b7 Qb1 0-1


[Site "https://www.chess.com"]

[Event "Titled Tuesday Blitz August 08 Late 2023"]
[White "Fernandez Hernandez, Gerardo"]
[Black "Bogumil, Tatiana"]
[WhiteFideId "2207400"]
[BlackFideId "4110579"]
[WhiteElo "2225"]
[BlackElo "2017"]
[Result "1-0"]
[Round "5"]
[TimeControl "180+1"]
[Date "2023.08.08"]
[WhiteClock "0:00:06"]
[BlackClock "0:00:00"]
[Board "174"]

1. e4 e6 2. d4 d5 3. Bd3 dxe4 4. Bxe4 Nf6 5. Bf3 c5 6. Ne2 Nc6 7. Be3 Nd5 8. Bxd5 Qxd5 9. O-O cxd4 10. Nxd4 Bb4 11. c3 Ba5 12. Nd2 Nxd4 13. Bxd4 O-O 14. Nf3 Bc7 15. Qe2 b6 16. Be5 Bxe5 17. Qxe5 Qxe5 18. Nxe5 Bb7 19. Rfd1 Rfd8 20. Kf1 f6 21. Nd3 Ba6 22. Ke2 e5 23. Ke3 Bxd3 24. Rxd3 Rxd3+ 25. Kxd3 Rd8+ 26. Kc2 Kf7 27. a4 Ke6 28. b4 f5 29. c4 e4 30. a5 Rd4 31. axb6 axb6 32. Kc3 Rd3+ 33. Kc2 Rd4 34. Kb3 Rd2 35. Ra2 Rd3+ 36. Ka4 Rc3 37. Kb5 Ke5 38. Ra6 Rc2 39. Rxb6 Rxf2 40. Rb8 e3 41. c5 e2 42. Re8+ Kf6 43. c6 Rxg2 44. c7 e1=Q 45. Rxe1 Rc2 46. Kb6 f4 47. Kb7 f3 48. c8=Q Rxc8 49. Kxc8 Kf5 50. b5 Kf4 51. b6 f2 52. Rc1 Kf3 53. b7 Kg2 54. b8=Q f1=Q 55. Qg3+ 1-0


[Site "https://www.chess.com"]

[Event "Titled Tuesday Blitz August 08 Late 2023"]
[White "Shimanov, Aleksandr"]
[Black "Fedoseev, Vladimir"]
[WhiteFideId "4198603"]
[BlackFideId "24130737"]
[WhiteElo "2937"]
[BlackElo "3106"]
[Result "1/2-1/2"]
[Round "6"]
[TimeControl "180+1"]
[Date "2023.08.08"]
[WhiteClock "0:00:09"]
[BlackClock "0:00:12"]
[Board "1"]

1. d4 Nf6 2. Bg5 g6 3. Bxf6 exf6 4. c4 d5 5. cxd5 Qxd5 6. Nc3 Qa5 7. e3 Bg7 8. g3 O-O 9. Bg2 c5 10. Ne2 Rd8 11. Qb3 Nc6 12. dxc5 Qxc5 13. O-O Rb8 14. Nf4 Na5 15. Qb5 Qxb5 16. Nxb5 a6 17. Nd4 f5 18. Rfd1 Bd7 19. Rac1 Rbc8 20. b3 Be8 21. b4 Bxd4 22. bxa5 Bb2 23. Rb1 Rxd1+ 24. Rxd1 Bc6 25. Nd5 Kg7 26. Ne7 Rc7 27. Nxc6 bxc6 28. Bf1 c5 29. Bc4 Bc3 30. Rd6 Bxa5 31. Rxa6 Bc3 32. a4 Rb7 33. Bb5 Rc7 34. Bc4 Rb7 35. Bb5 Rc7 36. Bc4 1/2-1/2


[Site "https://www.chess.com"]

[Event "Titled Tuesday Blitz August 08 Late 2023"]
[White "Iturrizaga Bonelli, Eduardo"]
[Black "Asadli, Vugar"]
[WhiteFideId "3901211"]
[BlackFideId "13405764"]
[WhiteElo "2967"]
[BlackElo "2847"]
[Result "1-0"]
[Round "6"]
[TimeControl "180+1"]
[Date "2023.08.08"]
[WhiteClock "0:00:06"]
[BlackClock "0:00:09"]
[Board "2"]

1. c4 Nf6 2. g3 g6 3. Bg2 Bg7 4. Nc3 O-O 5. d4 d6 6. Nf3 Nbd7 7. O-O e5 8. Qc2 exd4 9. Nxd4 Nb6 10. Qb3 Nfd7 11. Rd1 Nc5 12. Qc2 Nxc4 13. Nd5 Nb6 14. Nf4 a5 15. b3 Ne6 16. Nfxe6 fxe6 17. Bb2 a4 18. Rac1 Rf7 19. b4 a3 20. Ba1 c6 21. e3 Qe7 22. h3 Bd7 23. Bc3 Raf8 24. Be1 e5 25. Nb3 d5 26. Nc5 Bc8 27. b5 e4 28. bxc6 bxc6 29. Qb3 Nd7 30. Nxd7 Qxd7 31. Bxe4 Bb2 32. Rc2 Qxh3 33. Bg2 Qh5 34. Rdd2 Bd7 35. e4 Re8 36. f4 Bh3 37. Bf3 Qh6 38. Re2 Qg7 39. e5 Be6 40. Rxc6 g5 41. Rxe6 Rxe6 42. Bxd5 Re8 43. Bxf7+ Qxf7 44. e6 Qa7+ 45. Bf2 Bd4 46. f5 g4 47. Qd5 Bxf2+ 48. Rxf2 Qe3 49. e7+ Kh8 50. f6 Qxg3+ 51. Kf1 Qh3+ 52. Ke2 g3 53. Qe5 Qg4+ 54. Rf3 Qc4+ 55. Ke3 Qf7 56. Rxg3 Rb8 57. Qxb8+ 1-0


[Site "https://www.chess.com"]

[Event "Titled Tuesday Blitz August 08 Late 2023"]
[White "He, Anthony"]
[Black "Terry, Renato"]
[WhiteFideId "2088215"]
[BlackFideId "3803457"]
[WhiteElo "2961"]
[BlackElo "2920"]
[Result "0-1"]
[Round "6"]
[TimeControl "180+1"]
[Date "2023.08.08"]
[WhiteClock "0:00:00"]
[BlackClock "0:00:05"]
[Board "3"]

1. e4 c6 2. Nf3 d5 3. Nc3 g6 4. d4 Bg7 5. h3 Nh6 6. e5 f6 7. Bf4 Nf7 8. Qe2 O-O 9. a4 Na6 10. g4 Nc7 11. Bg3 a6 12. Bg2 fxe5 13. Nxe5 Nxe5 14. Bxe5 Bxe5 15. Qxe5 Ne6 16. Ne2 Qa5+ 17. c3 Qb6 18. b4 a5 19. bxa5 Rxa5 20. O-O Qc7 21. Qe3 Nf4 22. Nxf4 Rxf4 23. Rfe1 e6 24. Qg3 Qf7 25. Re5 b5 26. Re2 g5 27. Rea2 Qa7 28. Qe3 Rxa4 29. Rxa4 bxa4 30. Qe5 h6 31. Qd6 Kg7 32. Qxc6 Bd7 33. Qd6 Qb7 34. Re1 Rf7 35. Re2 Qb1+ 36. Kh2 Qc1 37. Qe5+ Kg8 38. Qb8+ Kg7 39. Qe5+ Kh7 40. c4 Qxc4 41. h4 Qc1 42. Re3 Rxf2 43. hxg5 Qd2 44. Rg3 Qxg5 45. Qc7 Qh4+ 46. Rh3 Qe7 47. g5 Rf5 48. Rxh6+ Kg7 49. Bh3 Rxg5 50. Rxe6 Qf7 51. Re3 Qf2+ 0-1


[Site "https://www.chess.com"]

[Event "Titled Tuesday Blitz August 08 Late 2023"]
[White "Grigoriants, Sergey"]
[Black "Firouzja, Alireza"]
[WhiteFideId "4130804"]
[BlackFideId "12573981"]
[WhiteElo "2907"]
[BlackElo "3085"]
[Result "0-1"]
[Round "6"]
[TimeControl "180+1"]
[Date "2023.08.08"]
[WhiteClock "0:00:00"]
[BlackClock "0:00:05"]
[Board "4"]

1. d4 Nf6 2. c4 g6 3. f3 Bg7 4. e4 d6 5. Nc3 O-O 6. Be3 c5 7. Nge2 Nc6 8. Qd2 Qa5 9. Rd1 e6 10. d5 exd5 11. cxd5 Ne5 12. Nc1 Bd7 13. Nb3 Qd8 14. Be2 a6 15. O-O b5 16. a3 b4 17. axb4 cxb4 18. Nb1 a5 19. Nd4 Qe7 20. Rc1 Rfb8 21. b3 a4 22. bxa4 Rxa4 23. Nb3 Rba8 24. Rc2 Qe8 25. Rfc1 h5 26. h3 Bb5 27. Qd1 Ra2 28. N1d2 Nd3 29. Rxa2 Rxa2 30. Rc2 Ra3 31. Bxd3 Bxd3 32. Rc6 Nd7 33. Nc4 Bxc4 34. Rxc4 Qb8 35. Kh2 Bc3 36. Nd4 Ne5 37. Nc6 Qb5 38. Rxc3 Rxc3 39. Nxe5 dxe5 40. d6 Rd3 41. Qc1 Qd7 42. Bc5 Rc3 43. Qg1 b3 44. Ba3 Rc6 45. Qa1 Rxd6 0-1


[Site "https://www.chess.com"]

[Event "Titled Tuesday Blitz August 08 Late 2023"]
[White "Rasulov, Vugar"]
[Black "Paravyan, David"]
[WhiteFideId "13402390"]
[BlackFideId "4194985"]
[WhiteElo "2867"]
[BlackElo "3038"]
[Result "0-1"]
[Round "6"]
[TimeControl "180+1"]
[Date "2023.08.08"]
[WhiteClock "0:00:00"]
[BlackClock "0:00:18"]
[Board "5"]

1. d4 d5 2. c4 e6 3. Nf3 Nf6 4. g3 Be7 5. Bg2 O-O 6. O-O dxc4 7. Qa4 a6 8. Qxc4 b5 9. Qc2 Bb7 10. Bd2 Nc6 11. e3 Nb4 12. Bxb4 Bxb4 13. a3 Bd6 14. Nbd2 a5 15. Nb3 Be4 16. Qe2 a4 17. Nbd2 Bb7 18. e4 Be7 19. Rfc1 b4 20. h3 Qb8 21. Ne5 c5 22. axb4 cxd4 23. Nd3 Ba6 24. e5 Nd5 25. Bxd5 exd5 26. e6 Bxd3 27. exf7+ Rxf7 28. Qxd3 Qxb4 29. Rc2 Raf8 30. Rf1 h5 31. h4 g5 32. hxg5 Bxg5 33. Kg2 Rg7 34. Nf3 h4 35. Rh1 hxg3 36. fxg3 Be3 37. Rh5 Qd6 38. Re2 Qxg3+ 0-1


[Site "https://www.chess.com"]

[Event "Titled Tuesday Blitz August 08 Late 2023"]
[White "Ozen, Deniz"]
[Black "Kamsky, Gata"]
[WhiteFideId "6349196"]
[BlackFideId "2000024"]
[WhiteElo "2852"]
[BlackElo "2948"]
[Result "0-1"]
[Round "6"]
[TimeControl "180+1"]
[Date "2023.08.08"]
[WhiteClock "0:00:01"]
[BlackClock "0:00:49"]
[Board "6"]

1. e4 c5 2. Nf3 e6 3. d4 cxd4 4. Bg5 Ne7 5. Qxd4 Nbc6 6. Qd2 h6 7. Be3 d5 8. Nc3 dxe4 9. Qxd8+ Kxd8 10. Nxe4 Nd5 11. O-O-O Kc7 12. Bc5 Bxc5 13. Nxc5 b6 14. Nb3 Bb7 15. Bb5 Rad8 16. Bxc6 Bxc6 17. Ne5 Be8 18. c4 Nb4 19. Rxd8 Kxd8 20. Rd1+ Ke7 21. a3 Nc6 22. Nxc6+ Bxc6 23. f3 Ba4 24. Rd3 Rc8 25. Nd2 e5 26. b3 Bc6 27. Kb2 f5 28. Kc3 Ke6 29. a4 a5 30. Re3 g5 31. Re1 h5 32. b4 axb4+ 33. Kxb4 Ra8 34. Ra1 e4 35. fxe4 fxe4 36. Nb3 Ke5 37. a5 e3 38. Re1 bxa5+ 39. Nxa5 Bxg2 40. Rxe3+ Kf4 41. Rc3 h4 42. c5 Rb8+ 43. Ka4 g4 44. c6 g3 45. hxg3+ hxg3 46. c7 Rc8 47. Kb5 Bd5 48. Kb6 g2 49. Rc1 Rh8 50. Nc6 Be6 51. Nd4 Bg4 52. Kb7 Rh1 53. Ne2+ Ke3 54. Rg1 Kf2 55. Rxg2+ Kxg2 56. Nd4 Rb1+ 57. Kc6 Rc1+ 58. Kb7 Bd7 59. Nb5 Bxb5 60. c8=Q Ba6+ 0-1


[Site "https://www.chess.com"]

[Event "Titled Tuesday Blitz August 08 Late 2023"]
[White "Fressinet, Laurent"]
[Black "Mitrabha, Guha"]
[WhiteFideId "608742"]
[BlackFideId "5057000"]
[WhiteElo "2917"]
[BlackElo "2847"]
[Result "1-0"]
[Round "6"]
[TimeControl "180+1"]
[Date "2023.08.08"]
[WhiteClock "0:00:02"]
[BlackClock "0:00:03"]
[Board "7"]

1. d4 Nf6 2. Nf3 c5 3. d5 g6 4. Nc3 Bg7 5. e4 d6 6. Bb5+ Bd7 7. a4 O-O 8. O-O Bxb5 9. axb5 Nbd7 10. Re1 Nb6 11. Qd3 Ne8 12. Bf4 Nc7 13. Ra5 Qd7 14. Rd1 a6 15. bxa6 Nxa6 16. Qb5 Qxb5 17. Rxb5 Nc4 18. Bg5 Nb4 19. Ne2 Nxb2 20. Rb1 Nc4 21. Rxb7 Nxc2 22. Bxe7 Rfe8 23. h4 Nb4 24. Ng3 Rab8 25. Rxb8 Rxb8 26. Rc1 Re8 27. Rxc4 Rxe7 28. h5 Bf6 29. h6 Kf8 30. Kf1 Ra7 31. e5 Ra1+ 32. Ke2 Ra2+ 33. Kf1 Be7 34. Ne4 Ra1+ 35. Ke2 Ra2+ 36. Nfd2 Ra6 37. exd6 Bxd6 38. Nxc5 Bxc5 39. Rxc5 Rd6 40. Rc8+ Ke7 41. Rh8 Nxd5 42. Rxh7 Rd8 43. Ne4 Nf4+ 44. Kf3 Ne6 45. g3 Rg8 46. Kg2 g5 47. Kf3 g4+ 48. Ke3 Ra8 49. Nc3 Rd8 50. Ne4 Ra8 51. f4 Ra3+ 52. Kd2 Ra2+ 53. Kc3 Ra8 54. f5 Nc7 55. Ng5 Nd5+ 56. Kd4 Kd6 57. Nxf7+ Kc6 58. Ne5+ Kd6 59. Rd7# 1-0


[Site "https://www.chess.com"]

[Event "Titled Tuesday Blitz August 08 Late 2023"]
[White "Naroditsky, Daniel"]
[Black "Droin, Augustin"]
[WhiteFideId "2026961"]
[BlackFideId "45105987"]
[WhiteElo "3196"]
[BlackElo "2584"]
[Result "1-0"]
[Round "6"]
[TimeControl "180+1"]
[Date "2023.08.08"]
[WhiteClock "0:00:13"]
[BlackClock "0:00:03"]
[Board "8"]

1. e4 c5 2. Nf3 d6 3. Bb5+ Nd7 4. O-O a6 5. Bd3 Ngf6 6. Re1 b5 7. c4 Ne5 8. Nxe5 dxe5 9. Bf1 b4 10. a3 Bb7 11. axb4 cxb4 12. Qa4+ Qd7 13. Qxb4 Nxe4 14. c5 Qc6 15. Nc3 Ng5 16. Qg4 f6 17. h4 Ne6 18. b4 Nf4 19. d4 exd4 20. Ne4 Ne6 21. Nxf6+ gxf6 22. Rxe6 Qd5 23. Rb6 Rg8 24. Qh3 Bc8 25. Qh2 d3 26. Bd2 Bg4 27. c6 Rc8 28. Raxa6 Be2 29. Ra5 Qe4 30. Qf4 Qg6 31. h5 Qg7 32. Qf5 Bxf1 33. Qxc8+ Kf7 34. g3 Be2 35. c7 Bg4 36. Qd8 Bxh5 37. Qd5+ Kg6 38. Qxh5# 1-0


[Site "https://www.chess.com"]

[Event "Titled Tuesday Blitz August 08 Late 2023"]
[White "Bazeev, German"]
[Black "Aronian, Levon"]
[WhiteFideId "24119350"]
[BlackFideId "13300474"]
[WhiteElo "2810"]
[BlackElo "3038"]
[Result "0-1"]
[Round "6"]
[TimeControl "180+1"]
[Date "2023.08.08"]
[WhiteClock "0:00:50"]
[BlackClock "0:01:10"]
[Board "9"]

1. c4 Nf6 2. Nc3 e5 3. Nf3 Nc6 4. e4 Bb4 5. d3 d6 6. h3 a5 7. Be2 Nd4 8. Nxd4 exd4 9. a3 Bc5 10. Na4 Ba7 11. Bg5 h6 12. Bh4 g5 13. Bg3 Nd7 14. h4 Rg8 15. hxg5 hxg5 16. Qd2 Nc5 17. Nxc5 Bxc5 18. O-O-O Be6 19. Kb1 b5 20. cxb5 Qd7 21. a4 Bb3 22. Rh7 Bxa4 23. Bh5 Bb3 24. Rc1 Qxb5 25. Rc4 O-O-O 26. Bxf7 Rh8 27. Qxg5 Rxh7 28. Qf5+ Qd7 29. Be6 Rh1+ 30. Rc1 Bxe6 0-1


[Site "https://www.chess.com"]

[Event "Titled Tuesday Blitz August 08 Late 2023"]
[White "Tristan, Leonardo"]
[Black "Andreikin, Dmitry"]
[WhiteFideId "113816"]
[BlackFideId "4158814"]
[WhiteElo "2791"]
[BlackElo "3014"]
[Result "0-1"]
[Round "6"]
[TimeControl "180+1"]
[Date "2023.08.08"]
[WhiteClock "0:00:08"]
[BlackClock "0:00:15"]
[Board "10"]

1. d4 Nf6 2. Nf3 e6 3. Bf4 b6 4. e3 Bb7 5. Nbd2 Nh5 6. Bg5 Be7 7. Bxe7 Qxe7 8. Bd3 d6 9. Qe2 a6 10. O-O-O Nd7 11. Kb1 b5 12. c4 Nhf6 13. e4 O-O 14. e5 Nh5 15. g3 dxe5 16. Nxe5 Bxh1 17. Qxh5 g6 18. Qh6 Bb7 19. Be4 Nxe5 20. dxe5 c6 21. Nf3 bxc4 22. Ng5 f5 23. exf6 Rxf6 24. f4 c3 25. bxc3 c5 26. Kc2 Rb8 27. Re1 Qd7 28. h4 Rd8 29. Kb3 c4+ 30. Ka3 Qe7+ 31. Kb2 Rd2+ 32. Kc1 Rxa2 33. Bc2 Ra1+ 34. Kd2 Rxe1 35. Kxe1 e5 36. f5 gxf5 37. Qh5 Bc6 38. Qe2 Qc5 39. Qd2 Qg1+ 40. Ke2 Qg2+ 41. Ke1 Qxg3+ 42. Kd1 Qg1+ 43. Ke2 Qg2+ 44. Ke1 Qxd2+ 45. Kxd2 h6 46. Nh3 a5 47. Nf2 Kf7 48. Nd1 f4 49. Nb2 Bd5 50. Na4 e4 51. Nc5 e3+ 52. Ke2 f3+ 53. Kxe3 f2 54. Kd4 f1=Q 55. Kxd5 Qg2+ 56. Be4 Qd2+ 57. Kxc4 Rf4 58. Kb5 Qxc3 59. Bd5+ Ke7 60. Kc6 a4 61. Kb5 a3 62. Bc6 Kd6 63. Nb7+ Kc7 64. Bd5 Rb4+ 65. Ka5 Rxb7+ 66. Ka6 Rb6+ 67. Ka7 Qa5# 0-1


[Site "https://www.chess.com"]

[Event "Titled Tuesday Blitz August 08 Late 2023"]
[White "Mamedov, Rauf"]
[Black "Fier, Alexandr"]
[WhiteFideId "13401653"]
[BlackFideId "2107139"]
[WhiteElo "3006"]
[BlackElo "2783"]
[Result "1-0"]
[Round "6"]
[TimeControl "180+1"]
[Date "2023.08.08"]
[WhiteClock "0:01:07"]
[BlackClock "0:00:10"]
[Board "11"]

1. e4 Nf6 2. d3 d5 3. exd5 Nxd5 4. Nf3 g6 5. g3 Bg7 6. Bg2 O-O 7. O-O Nc6 8. Re1 e5 9. Nbd2 Bf5 10. a3 Qd7 11. Ne4 Rad8 12. Bg5 f6 13. Bd2 Bg4 14. c3 Kh8 15. Qb3 Nb6 16. Nc5 Qc8 17. d4 Na5 18. Qc2 Nac4 19. Bc1 c6 20. b3 Bf5 21. Qe2 Nd6 22. dxe5 fxe5 23. Nxe5 Rde8 24. f4 Nd5 25. Bd2 Nf6 26. Be3 b6 27. Ncd3 Nde4 28. Rac1 c5 29. Nf2 Qe6 30. c4 Nxf2 31. Bxf2 Qc8 32. Qf3 g5 33. Qc6 gxf4 34. Qxc8 Bxc8 35. gxf4 Ng4 36. Nf7+ Kg8 37. Bd5 Nxf2 38. Nd6+ Kh8 39. Rxe8 Rxe8 40. Nxe8 Bd4 41. Kg2 Nd3 42. Rf1 Be3 43. f5 Bd7 44. Nf6 Bc8 45. Nh5 Ne5 46. f6 Bh6 47. f7 Bf8 48. Re1 1-0


[Site "https://www.chess.com"]

[Event "Titled Tuesday Blitz August 08 Late 2023"]
[White "Kramnik, Vladimir"]
[Black "Hambleton, Aman"]
[WhiteFideId "4101588"]
[BlackFideId "2606577"]
[WhiteElo "2975"]
[BlackElo "2764"]
[Result "1-0"]
[Round "6"]
[TimeControl "180+1"]
[Date "2023.08.08"]
[WhiteClock "0:00:15"]
[BlackClock "0:00:00"]
[Board "12"]

1. e4 c5 2. Nf3 e6 3. b3 d6 4. Bb2 e5 5. Bc4 Be7 6. O-O Nf6 7. d3 a6 8. a4 Nc6 9. h3 Rb8 10. Nc3 O-O 11. Nh2 Be6 12. Bxe6 fxe6 13. Ne2 d5 14. Ng3 d4 15. Bc1 b5 16. Ng4 Nd7 17. Qe2 Qc7 18. Bd2 Bd6 19. Nh5 Nb6 20. axb5 axb5 21. Nh2 Ne7 22. Qg4 Ng6 23. Qxe6+ Kh8 24. Ba5 Rbe8 25. Qg4 Qc6 26. Bxb6 Qxb6 27. g3 c4 28. Nf3 cxd3 29. cxd3 Qc6 30. Nh4 Bb4 31. Nf5 Bc3 32. Ra7 Rg8 33. Nhxg7 Ref8 34. Qh5 Qe6 35. Nxe6 1-0


[Site "https://www.chess.com"]

[Event "Titled Tuesday Blitz August 08 Late 2023"]
[White "Mahdavi, Reza"]
[Black "Xiong, Jeffery"]
[WhiteFideId "12595926"]
[BlackFideId "2047640"]
[WhiteElo "2768"]
[BlackElo "2970"]
[Result "0-1"]
[Round "6"]
[TimeControl "180+1"]
[Date "2023.08.08"]
[WhiteClock "0:00:00"]
[BlackClock "0:00:05"]
[Board "13"]

1. e4 c5 2. Nf3 d6 3. d4 cxd4 4. Qxd4 Nc6 5. Bb5 a6 6. Bxc6+ bxc6 7. c4 e5 8. Qd3 Ne7 9. Nc3 Ng6 10. O-O Be7 11. Rd1 Qc7 12. h3 O-O 13. Qc2 f5 14. c5 dxc5 15. Bg5 h6 16. Bxe7 Qxe7 17. Re1 Be6 18. Rac1 c4 19. exf5 Rxf5 20. Ne4 Rxf3 21. gxf3 Nh4 22. Re3 Rf8 23. Qc3 Bd5 24. Kh2 Qf7 25. Nd2 Qf4+ 26. Kh1 Qf5 27. Qxe5 Qd7 28. Kh2 Bxf3 29. Rg1 Bd5 30. f4 Nf5 31. Re2 Bf7 32. Ne4 Kh8 33. Reg2 Re8 34. Nf6 Rxe5 35. Nxd7 Rd5 36. Ne5 Bh5 37. Nxc6 Kh7 38. Ne5 Rd4 39. Nc6 Rxf4 40. Ne7 g5 41. Nxf5 Rxf5 42. Rd2 Rf3 43. Re1 Bf7 44. Re7 Kg6 45. Red7 Be6 46. Rd8 Rxh3+ 47. Kg2 Re3 48. R8d6 a5 49. Ra6 Re5 50. Kf2 g4 51. Rd4 Kg5 52. Rdd6 Bf5 53. Rxh6 Kf4 54. Rhf6 g3+ 55. Kf1 Kf3 56. Rg6 Bd3+ 0-1


[Site "https://www.chess.com"]